 Dungeon Crawl Stone Soup version 0.28-a0-1312-g71652a0310 (webtiles) character file.

Game seed: 16715973342054962910

36 Mesmaeker13 the Conjurer (level 3, -2/26 HPs)
             Began as a Draconian Conjurer on Dec 27, 2021.
             Killed by divine providence
             ... invoked by an orc priest
              (13 damage)
             ... on level 3 of the Dungeon.
             The game lasted 00:02:07 (2043 turns).

Mesmaeker13 the Conjurer (Draconian Conjurer)       Turns: 2043, Time: 00:02:08

Health: -2/26      AC:  5    Str:  9    XL:     3   Next: 19%
Magic:  6/6        EV: 27    Int: 20    God:
Gold:   52         SH:  0    Dex: 15    Spells: 4/7 levels left

rFire   . . .      SeeInvis .   e - +0 rapier
rCold   . . .      Faith    .   (no shield)
rNeg    . . .      Spirit   .   (armour unavailable)
rPois   .          Reflect  .   (helmet restricted)
rElec   .          Harm     .   (no cloak)
rCorr   +          Rampage  .   (no gloves)
Will    .....                   (no boots)
Stlth   ++........              g - amulet of the acrobat
HPRegen 0.08/turn               a - +6 ring of dexterity
MPRegen 0.10/turn               n - ring of resist corrosion

@: acrobatic
A: AC +5, unfitting armour, cold-blooded
a: no special abilities


You were on level 3 of the Dungeon.
You visited 1 branch of the dungeon, and saw 3 of its levels.

You collected 52 gold pieces.

Inventory:

Hand Weapons
 e - a +0 rapier (weapon)
Jewellery
 a - a +6 ring of dexterity (left hand)
 g - an amulet of the acrobat (around neck)
 k - a ring of fire
 n - a ring of resist corrosion (right hand)
Scrolls
 d - a scroll of magic mapping
 i - a scroll of noise {unknown}
 j - a scroll of blinking {unknown}
Potions
 b - 3 potions of curing {unknown}
 h - 2 potions of mutation {unknown}
 l - a potion of invisibility {unknown}
 m - a potion of ambrosia {unknown}


   Skills:
 + Level 2.3 Dodging
 - Level 1.7 Stealth
 + Level 2.5 Spellcasting
 + Level 4.4 Conjurations


You had 4 spell levels left.
You knew the following spells:

 Your Spells              Type           Power      Damage    Failure   Level
a - Magic Dart            Conj           80%        1d7       2%          1
b - Searing Ray           Conj           40%        2d5       3%          2

Your spell library contained the following spells:

 Spells                   Type           Power      Damage    Failure   Level
 Dazzling Flash           Conj/Hex       22%        N/A       19%         3
 Fulminant Prism          Conj/Hex       5%         3d7       52%         4
 Iskenderun's Mystic Bla  Conj/Tloc      11%        2d4       52%         4


Dungeon Overview and Level Annotations

Branches:
Dungeon (3/15)

Altars:

Annotations:
D:3 Robin


Innate Abilities, Weirdness & Mutations

Your plain brown scales are hard. (AC +5)
You cannot fit into any form of body armour.
You are cold-blooded and may be slowed by cold attacks.


Message History

The dart slug launches a dart at you.
The slug dart hits you but does no damage.
Casting: Magic Dart (safe; 2% risk of failure)
Confirm with . or Enter, or press ? or * to list all spells.
Aiming: Magic Dart (safe; 2% risk of failure)
Press: ? - help, Shift-Dir - straight line, f/p - dart slug
Aim: a dart slug (almost dead, 100% to hit)
The magic dart hits the dart slug.
You kill the dart slug!
You now have 52 gold pieces (gained 6).
Found 12 bolts.
There is a stone staircase leading up here.
A sourceless malevolence fills the Dungeon... and a teleportation trap spontaneously manifests!
You are yanked towards some nearby monsters!
Your surroundings suddenly seem different.
A worm, 5 goblins, 2 kobolds and 3 orcs come into view.
A kobold is wielding a +1 short sword of electrocution.
Found a scroll labelled LUIWOLLOVEO.
The orc priest shouts! x2; The orc shouts!
You hear a shout!
The orc priest looks satisfied for a moment.
The goblin moves out of view. x2
The orc shouts!
Okay, then.
The hobgoblin shouts!
The hobgoblin shouts!
The goblin shouts!
The kobold shouts!
The orc priest mumbles some strange prayers to Beogh against you.
Beogh smites you!
Ouch! That really hurt!
As you read the scroll labelled LUIWOLLOVEO, it crumbles to dust.
It is a scroll of identify.
d - a scroll of magic mapping The goblin shouts!
The kobold throws a stone.
The stone misses you.
As you read the scroll labelled YSAIXA ZETOV, it crumbles to dust.
The scroll dissolves into smoke.
It was a scroll of fog.
Unknown command.
The orc priest mumbles some strange prayers to Beogh against you.
Beogh smites you!
Ouch! That really hurt!
You die...

...............g #!...
#.#............g #..
##............#.. #..
................# #..
##.#.......g.....
#....# .......§§§.§Kg#
........#
....oo.§§Kg..##
####....#
...#o...§g§§## .
......# .o ##..§o@###
b. ........ #
##.?.§..##........>##.
##........ ...... .
#.....#### ###.#.#
#......# #.g...#
###......# #.# #
.......÷..#####.#.##
#####..##.....#g...#
#........<.g...#


You could see 2 orc priests, 2 orcs, a hobgoblin, 3 goblins and 2 kobolds.

Vanquished Creatures
  A dart slug (D:3)
  5 bats
  An endoplasm (D:2)
  4 goblins
  2 hobgoblins
  3 jackals (D:1)
  7 ball pythons
  5 frilled lizards
  3 kobolds
  2 rats
33 creatures vanquished.

Notes
Turn   | Place    | Note
-------+----------+-------------------------------------------
     0 | D:1      | Mesmaeker13 the Draconian Conjurer began the quest for the
                  | Orb.
     0 | D:1      | Reached XP level 1. HP: 14/14 MP: 3/3
   297 | D:1      | Reached XP level 2. HP: 20/20 MP: 1/5
   981 | D:1      | Learned a level 2 spell: Searing Ray
  1410 | D:2      | Found a faded altar of an unknown god.
  1838 | D:3      | Noticed Robin
  1847 | D:3      | Reached XP level 3. HP: 26/26 MP: 1/6
  2043 | D:3      | Killed from afar by an orc priest

Illustrated notes

Levels and vault maps discovered:
D:1:      ncdulo_wetmaze, layout_basic
D:2:      layout_loops_ring, shapermc_ecumenical_altar_ellora
D:3:      layout_rooms, nemelex_dance_club_becter, uniq_robin

Skill      XL: |  1 |
---------------+----+-----
Dodging        | 2 |  2.3
Stealth        | |  1.7
Spellcasting   | |  2.5
Conjurations   | |  4.4

Action                   || total
-------------------------++-------
Melee: Dagger            ||    12
       Tailslap          ||     2
       Rapier            ||     6
 Cast: Magic Dart        ||    50
       Searing Ray       ||     1
  Use: Scroll            ||     2
Armor: Skin              ||    14
Dodge: Dodged            ||    32

Table legend: (Time is in decaauts)
 A = Elapsed time spent in this place.
 B = Non-inter-level travel time spent in this place.
 C = Inter-level travel time spent in this place.
 D = Time resting spent in this place.
 E = Time spent auto-exploring this place.
 F = Levels seen in this place.
 G = Mean time per level.
                   A        B        C        D        E       F      G
               +--------+--------+--------+--------+--------+-----+--------+
         Total |   2049 |   1941 |    108 |    190 |   1530 |   3 |  683.0 |
       Dungeon |   2049 |   1941 |    108 |    190 |   1530 |   3 |  683.0 |
               +--------+--------+--------+--------+--------+-----+--------+

Top non-repeatable levels by time:
     D:1: 987 daAuts
     D:2: 928 daAuts
     D:3: 133 daAuts
